AoeStats
← Gim

African Clearing

504021147Analyzed
4v4 RM · 28d ago on Sep 3, 2026· 20m 25s· 8 players
Game mode
Random Map
Map size
Large (8 player)
Population
200
Speed
Normal
Resources
Standard
Victory
Conquest
Starting age
Dark Age
Ending age
Imperial Age
RankedLock teamsTeams togetherTeam positionsShared explorationLock speedFull tech treeHidden civsTurbo modeCheats
Victory
Defeat
🇷🇺 Koreans · Russia
1270
+16
🇧🇷 Britons · Brazil
1236
+18
🇨🇳 Chinese · China
1196
+20
🇨🇳 Mongols · China
1194
+20
🇹🇼 Bulgarians · Taiwan
1302
-20
🇹🇼 Spanish · Taiwan
1283
-19
🇹🇼 Goths · Taiwan
1271
-18
🇹🇼 Persians · Taiwan
1242
-17
Coffee Break Golden
6:08 Loom
13:20 Feudal Age
18:59 Fletching
19:10 Padded Archer Armor
19:02 Town Watch
Gim
2:54 Loom
12:31 Feudal Age
16:24 Castle Age
16:31 Double-Bit Axe
18:28 Wheelbarrow
Pepe
13:31 Feudal Age
14:03 Double-Bit Axe
14:21 Horse Collar
16:54 Forging
16:36 Fletching
飘叶
11:13 Feudal Age
12:55 Loom
15:27 Castle Age
13:38 Stone Mining
14:21 Double-Bit Axe
15:07 Loom
yukiro2012
3:28 Loom
12:49 Feudal Age
13:36 Double-Bit Axe
16:27 Wheelbarrow
17:58 Forging
21:54 Castle Age
chenjim19850924
3:25 Loom
14:46 Feudal Age
19:42 Castle Age
alucard4566
4:20 Loom
14:03 Feudal Age
18:57 Castle Age
16:40 Man-at-Arms
17:25 Double-Bit Axe
18:38 Stone Mining
18:41 Gold Mining
19:11 Horse Collar
20:02 Squires
段水流大師兄
6:07 Loom
14:32 Feudal Age
20:12 Castle Age
19:06 Stone Mining
20:07 Double-Bit Axe
Connection lost

Rejoining the realm…

Still unreachable

The connection could not be restored.

Session expired

The server has moved on; the page needs a fresh start.